 Dungeon Crawl Stone Soup version 0.29-a0-330-g52719c12eb (webtiles) character file.

Game seed: 13282126665993838374

4455 funkygono the Thaumaturge (level 10, -3/56 HPs)
             Began as a Gargoyle Fire Elementalist on May 15, 2022.
             Was a Believer of Vehumet.
             Slain by an orc warrior
             ... wielding a +0 war axe
              (14 damage)
             ... on level 8 of the Dungeon.
             The game lasted 00:28:23 (10928 turns).

funkygono the Thaumaturge (GrFE)                   Turns: 10928, Time: 00:28:23

Health: -3/56      AC: 17    Str: 19    XL:     10   Next: 37%
Magic:  19/22      EV: 13    Int: 19    God:    Vehumet [**....]
Gold:   249        SH:  0    Dex: 10    Spells: 5/25 levels left

rFire   + . .      SeeInvis .   A - +2 whip (flame)
rCold   + . .      Faith    .   M - orb {mayhem}
rNeg    + . .      Spirit   .   m - +2 robe {rC+ rF+}
rPois   ∞          Reflect  .   p - +1 helmet
rElec   +          Harm     .   K - +1 cloak
rCorr   .          Rampage  .   (no gloves)
Will    .....                   g - +1 pair of boots
Stlth   ++........              q - amulet of regeneration
HPRegen 0.98/turn               F - +6 ring of strength
MPRegen 0.18/turn               (no ring)

@: no status effects
A: sickness immunity, AC +7, negative energy resistance 1, electricity
resistance, torment resistance 1, petrification resistance
a: Renounce Religion


You were on level 8 of the Dungeon.
You worshipped Vehumet.
Vehumet was pleased with you.
You visited 2 branches of the dungeon, and saw 9 of its levels.

You collected 449 gold pieces.
You spent 200 gold pieces at shops.

Inventory:

Hand Weapons
 i - a +0 whip of freezing
 x - the +7 short sword "Osawuub" {flame, rF+ Int+3 Dex+2}
   (You took it off a gnoll on level 6 of the Dungeon)

   It burns those it strikes, dealing additional fire damage.
   Int:       It affects your intelligence (+3).
   Dex:       It affects your dexterity (+2).
   rF:        It protects you from fire.
 A - a +2 whip of flaming (weapon)
 D - a +1 mace of protection
Missiles
 d - 2 throwing nets
Armour
 a - a +0 robe
 g - a +1 pair of boots (worn)
 l - a +0 tower shield
 m - a +2 robe of resistance (worn)
 p - a +1 helmet (worn)
 r - a +0 scale mail
 C - a +2 leather armour of poison resistance
 K - a +1 cloak (worn)
 L - the +8 chain mail of Sloth {Str+3}
   (You found it on level 7 of the Dungeon)

   Str:       It affects your strength (+3).
 M - an orb of mayhem (worn)
Magical Staves
 c - a staff of air
Jewellery
 k - an amulet of reflection
 q - an amulet of regeneration (around neck)
 F - a +6 ring of strength (left hand)
Wands
 y - a wand of digging (6)
 B - a wand of flame (2)
 I - a wand of polymorph (6)
Scrolls
 w - 3 scrolls of magic mapping
 E - 2 scrolls of teleportation
Potions
 b - a potion of magic
 e - a potion of might
 f - 4 potions of flight
 h - 5 potions of heal wounds
 n - a potion of resistance
 o - a potion of brilliance
 s - 2 potions of berserk rage
 t - a potion of ambrosia {unknown}
 u - 3 potions of cancellation
 v - 2 potions of mutation {unknown}
 z - a potion of lignification {unknown}
 G - 3 potions of curing
 H - a potion of haste
 J - 2 potions of attraction {unknown}


   Skills:
 + Level 3.1 Fighting
 + Level 4.0 Maces & Flails
 + Level 4.5 Dodging
 - Level 2.1 Stealth
 + Level 0.7 Shields
 + Level 8.0 Spellcasting
 + Level 4.3 Conjurations
 + Level 2.6 Transmutations
 + Level 7.5 Fire Magic
 + Level 3.8 Poison Magic


You had 5 spell levels left.
You knew the following spells:

 Your Spells              Type           Power      Damage    Failure   Level
a - Foxfire               Conj/Fire      100%       2x1d9     1%          1
b - Scorch                Fire           72%        2d8       1%          2
c - Flame Wave            Conj/Fire      30%        2d8       8%          4
d - Sticky Flame          Conj/Fire      30%        2d5       8%          4
e - Sting                 Tmut/Pois      76%        1d6       2%          1
f - Olgreb's Toxic Radia  Pois           22%        N/A       19%         4
g - Ignite Poison         Fire/Tmut/Pois 25%        N/A       4%          3
h - Shock                 Conj/Air       60%        1d6       3%          1

Your spell library contained the following spells:

 Spells                   Type           Power      Damage    Failure   Level
 Conjure Flame            Conj/Fire      30%        6-21      2%          3
 Wereblood                Tmut           17%        N/A       4%          2
 Static Discharge         Conj/Air       15%        N/A       5%          2
 Poisonous Vapours        Pois/Air       28%        N/A       6%          2
 Inner Flame              Hex/Fire       22%        N/A       6%          3
 Spider Form              Tmut/Pois      19%        N/A       7%          3
 Animate Skeleton         Necr           14%        N/A       9%          1
 Pain                     Necr           28%        1d5       9%          1
 Passwall                 Tmut/Erth      10%        N/A       9%          2
 Ensorcelled Hibernation  Hex/Ice        14%        N/A       14%         2
 Summon Guardian Golem    Hex/Summ       7%         N/A       26%         3
 Swiftness                Air            7%         N/A       26%         3
 Vampiric Draining        Necr           7%         2d6       26%         3
 Anguish                  Hex/Necr       3%         N/A       65%         4
 Lightning Bolt           Conj/Air       7%         1d20      71%         5
 Orb of Destruction       Conj           12%        9d7       100%        7
 Spellforged Servitor     Conj/Summ      7%         N/A       100%        7
 Summon Hydra             Summ           3%         N/A       100%        7
 Maxwell's Capacitive Co  Air            3%         ∞         100%        8
 Sublimation of Blood     Necr           Unusable   N/A       N/A         2

Dungeon Overview and Level Annotations

Branches:
Dungeon (8/15)             Temple (1/1) D:4
   Lair: D:8-11

Altars:
Ashenzari
Cheibriados
Dithmenos
Elyvilon
Fedhas
Gozag
Hepliaklqana
Kikubaaqudgha
Makhleb
Nemelex Xobeh
Okawaru
Ru
Sif Muna
Trog
Vehumet
Zin
Lugonu

Shops:
D:3 :

Annotations:
D:4 2 runed translucent doors, night's ghost, amateur BaWr
D:6 3 runed translucent doors, Crownlay's ghost, novice HOFi; WLBjork's ghost, amateur HOMo


Innate Abilities, Weirdness & Mutations

You are immune to sickness and miasma.
Your stone body is resilient. (AC +7)
You are immune to poison.
You resist negative energy. (rN+)
You are resistant to electric shocks. (rElec)
You are resistant to unholy torment.
You are immune to petrification.


Message History

The foxfire hits the orc warrior.
The orc warrior is heavily wounded.
Press: ? - help, v - describe, . - travel
Here: an orc warrior, wielding a +0 war axe and wearing a +0 chain mail (heavily wounded, fast, strong, frenzied and insane, unaware, ally target)
The floor.
Unknown command.
The foxfire hits the orc warrior but does no damage.
The orc warrior is heavily wounded.
The foxfire hits the orc warrior.
The orc warrior is severely wounded.
The orc warrior hits your foxfire with a +0 war axe.
The foxfire hits the orc warrior.
The orc warrior is severely wounded.
You hit the orc warrior but do no damage.
The orc warrior is severely wounded.
The orc warrior hits you with a +0 war axe!
You hit the orc warrior. You burn the orc warrior.
The orc warrior is almost dead.
The orc warrior hits you with a +0 war axe!
You hit the orc warrior but do no damage.
The orc warrior is almost dead.
The orc warrior hits you with a +0 war axe.
The orc warrior misses you.
You hit the orc warrior but do no damage.
The orc warrior is almost dead.
The orc warrior barely misses you.
You closely miss the orc warrior.
The orc warrior is almost dead.
The orc warrior barely misses you.
You barely miss the orc warrior.
The orc warrior is almost dead.
The orc warrior hits you but does no damage. x2
You hit the orc warrior but do no damage.
The orc warrior is almost dead.
The orc warrior hits you with a +0 war axe!!
* * * LOW HITPOINT WARNING * * *
You barely miss the orc warrior.
The orc warrior is almost dead.
The orc warrior hits you with a +0 war axe!
You die...

#.####...#####..
##.#..#.......#..
#................
#....##.......#..
###...##....)##.. ###
#...............
#..##..##.........#.
##..........#..#.###
#...@.......<.....##
##.o...#...........##
#......##.#.........#
.).........#.....##<[.
#..#........##....#..).
#$)##........#.#.......
... ...................
.. ...................
.........[....


You could see a neutral orc warrior (fast, strong, insane).

Vanquished Creatures
  Pikel (D:3)
  A manticore (D:6)
  2 hornets (D:7)
  Grinder (D:3)
  A vampire mosquito (D:6)
  2 water moccasins
  Duvessa (D:4)
  An orc warrior (D:7)
  A sky beast (D:6)
  2 ice beasts (D:6)
  An ogre (D:5)
  2 centaurs
  A phantom (D:6)
  A lemure (D:3)
  A necrophage (D:6)
  2 gnoll sergeants
  3 bullfrogs
  Dowan (D:4)
  6 killer bees
  A howler monkey (D:5)
  2 jellies (D:6)
  5 hounds
  5 orc priests
  Ijyb (D:5)
  Terence (D:2)
  7 iguanas
  9 orc wizards
  Robin (D:4)
  12 gnolls
  11 adders
  A shadow imp (D:6)
  2 white imps
  An ufetubus (D:6)
  2 worms
  29 orcs
  3 ball pythons
  9 endoplasms
  2 giant cockroaches (D:2)
  11 goblins
  10 hobgoblins
  5 jackals
  7 quokkas
  3 bats
  3 frilled lizards
  9 kobolds
  A rat (D:3)
184 creatures vanquished.

Vanquished Creatures (collateral kills)
  An orc (D:8)
  6 foxfires (D:1)
7 creatures vanquished.

Vanquished Creatures (others)
  441 foxfires
  8 withered plants
449 creatures vanquished.

Grand Total: 640 creatures vanquished

Notes
Turn   | Place    | Note
-------+----------+-------------------------------------------
     0 | D:1      | funkygono the Gargoyle Fire Elementalist began the quest
                  | for the Orb.
     0 | D:1      | Reached XP level 1. HP: 10/10 MP: 3/3
   431 | D:1      | Reached XP level 2. HP: 11/15 MP: 0/5
  1027 | D:1      | Reached XP level 3. HP: 19/19 MP: 3/6
  1384 | D:1      | Found a faded altar of an unknown god.
  1526 | D:1      | Learned a level 2 spell: Scorch
  1850 | D:2      | Found a glowing silver altar of Zin.
  2149 | D:2      | Noticed Terence
  2175 | D:2      | Killed Terence
  2176 | D:2      | Reached skill level 3 in Spellcasting
  2176 | D:2      | Reached XP level 4. HP: 6/24 MP: 0/8
  2573 | D:2      | Learned a level 4 spell: Flame Wave
  2987 | D:3      | Found a sacrificial altar of Ru.
  3296 | D:3      | Reached XP level 5. HP: 27/28 MP: 1/9
  3694 | D:3      | Reached skill level 1 in Maces & Flails
  3965 | D:3      | Found Nuzasch's Book Shop.
  4035 | D:3      | Noticed Grinder
  4045 | D:3      | Paralysed by Grinder for 5 turns
  4047 | D:3      | Killed Grinder
  4048 | D:3      | Reached skill level 1 in Fighting
  4048 | D:3      | Reached XP level 6. HP: 34/34 MP: 1/11
  4306 | D:3      | Found a hazy altar of Hepliaklqana.
  4311 | D:3      | Found a shadowy altar of Dithmenos.
  4312 | D:3      | Noticed a shadow
  4528 | D:3      | Reached skill level 4 in Spellcasting
  4528 | D:3      | Reached XP level 7. HP: 27/38 MP: 4/13
  4599 | D:3      | Learned a level 4 spell: Sticky Flame
  4823 | D:4      | Found a runed translucent door.
  4872 | D:4      | Noticed Robin
  4911 | D:4      | Reached skill level 5 in Fire Magic
  5023 | D:4      | Killed Robin
  5472 | D:4      | Found a staircase to the Ecumenical Temple.
  5480 | Temple   | Entered the Ecumenical Temple
  5503 | Temple   | Became a worshipper of Vehumet
  5592 | D:4      | Noticed Duvessa
  5592 | D:4      | Noticed Dowan
  5593 | D:4      | Noticed Pikel
  5803 | D:3      | Killed Pikel
  5804 | D:3      | Reached skill level 5 in Spellcasting
  5804 | D:3      | Reached XP level 8. HP: 35/45 MP: 3/15
  5901 | D:4      | Killed Duvessa
  5956 | D:4      | Killed Dowan
  6642 | D:4      | Found a runed translucent door.
  6645 | D:4      | Noticed night's ghost (amateur BaWr)
  6826 | D:3      | Bought a Young Poisoner's Handbook for 200 gold pieces
  6828 | D:3      | Learned a level 1 spell: Sting
  6833 | D:3      | Learned a level 4 spell: Olgreb's Toxic Radiance
  6919 | D:5      | Entered Level 5 of the Dungeon
  7313 | D:5      | Noticed Ijyb
  7339 | D:5      | Killed Ijyb
  8006 | D:5      | Found a broken altar of Ashenzari.
  8134 | D:6      | Reached skill level 6 in Spellcasting
  8134 | D:6      | Reached skill level 1 in Poison Magic
  8165 | D:6      | Reached XP level 9. HP: 49/49 MP: 14/18
  8325 | D:6      | Noticed a manticore
  8363 | D:6      | Identified the +7 short sword "Osawuub" {flame, rF+ Int+3
                  | Dex+2}
  8523 | D:6      | Reached * piety under Vehumet
  8523 | D:6      | Offered knowledge of Sandblast by Vehumet.
  8594 | D:6      | Killed a manticore
  8595 | D:6      | Reached skill level 1 in Transmutations
  8671 | D:6      | Learned a level 3 spell: Ignite Poison
  8707 | D:6      | Reached skill level 7 in Spellcasting
  8787 | D:6      | Found a runed translucent gate.
  8787 | D:6      | Found a runed translucent gate.
  8787 | D:6      | Found a runed translucent gate.
  8791 | D:6      | Noticed Crownlay's ghost (novice HOFi)
  8791 | D:6      | Noticed WLBjork's ghost (amateur HOMo)
  9004 | D:6      | Found a snail-covered altar of Cheibriados.
  9340 | D:6      | Found a blossoming altar of Fedhas.
  9755 | D:7      | Reached XP level 10. HP: 47/56 MP: 14/21
  9937 | D:7      | Offered knowledge of Shock by Vehumet.
  9940 | D:7      | Learned a level 1 spell: Shock
  9976 | D:7      | Reached ** piety under Vehumet
 10239 | D:7      | Found a shimmering blue altar of Sif Muna.
 10312 | D:7      | Found a bloodstained altar of Trog.
 10449 | D:7      | Identified the +8 chain mail of Sloth {Str+3}
 10813 | D:7      | Reached skill level 8 in Spellcasting
 10928 | D:8      | Slain by an orc warrior

Illustrated notes

Levels and vault maps discovered:
D:1:      lightli_arrival_noodles, layout_basic,
          ebering_ecumenical_altar_petrified
D:2:      layout_loops_corners, basic_altar, minmay_pentomino_v4, uniq_terence
D:3:      layout_loops_ring, riverfiend_overflow_shadow_ancestor,
          nicolae_overflow_hidden_temple, serial_shops, shop, minivault_11,
          chequers_serial_rivers_large_a, uniq_grinder
D:4:      layout_basic, minmay_temple_entry_statues_pillars,
          ebering_ghost_sewer_f, uniq_robin, uniq_pikel, uniq_duvessa
D:5:      layout_loops_corners, grunt_ashenzari_visionary
          [grunt_ashenzari_visionary_shoals, grunt_ashenzari_visionary_snake],
          st_stairs_2, uniq_ijyb
D:6:      cheibrodos_fzero, layout_basic, marbit_many_paths, slow_altar_1,
          gammafunk_ghost_cemetery, nrook_mini_vaults
D:7:      layout_basic, mainiacjoe_overflow_boulevard, lemuel_blue_sif_altar
D:8:      layout_cave_pools, mainiacjoe_overflow_24_doors,
          mrwooster_statue_mirror, chequers_serial_rivers_micro_c, eino_jars
Temple:   corrupted_temple

Skill      XL: |  1  2  3  4  5  6  7  8  9 10 |
---------------+-------------------------------+-----
Spellcasting   | 3 4 5 6 7 8 |  8.0
Dodging        | 2 3 4 |  4.5
Fire Magic     | 4 5 6 7 |  7.5
Maces & Flails | 2 3 4 |  4.0
Fighting       | 1 2 3 |  3.1
Conjurations   | 2 3 4 |  4.3
Poison Magic   | 1 2 3 |  3.8
Transmutations | 1 2 |  2.6
Stealth        | |  2.1
Shields        | |  0.7

Action                   |  1- 3 |  4- 6 |  7- 9 | 10-12 || total
-------------------------+-------+-------+-------+-------++-------
Melee: Whip              |    44 |   132 |   152 |    36 ||   364
       Punch             |       |     1 |     1 |       ||     2
 Cast: Foxfire           |    57 |    38 |   147 |    24 ||   266
       Scorch            |       |    20 |    33 |     5 ||    58
       Sting             |       |       |    54 |    29 ||    83
       Flame Wave        |       |       |     2 |     4 ||     6
       Sticky Flame      |       |       |       |     2 ||     2
       Ignite Poison     |       |       |       |     2 ||     2
  Use: Scroll            |       |     8 |     9 |     1 ||    18
 Stab: Sleeping          |       |     2 |       |       ||     2
Armor: Robe              |    16 |    72 |   164 |    48 ||   300
Dodge: Dodged            |    23 |    73 |   231 |    49 ||   376
Block: Other             |    15 |     4 |       |       ||    19
       Reflection        |       |     1 |       |       ||     1

Table legend: (Time is in decaauts)
 A = Elapsed time spent in this place.
 B = Non-inter-level travel time spent in this place.
 C = Inter-level travel time spent in this place.
 D = Time resting spent in this place.
 E = Time spent auto-exploring this place.
 F = Levels seen in this place.
 G = Mean time per level.
                   A        B        C        D        E       F      G
               +--------+--------+--------+--------+--------+-----+--------+
         Total |  10954 |  10555 |    399 |    306 |   8212 |   9 | 1217.1 |
       Dungeon |  10907 |  10522 |    385 |    306 |   8191 |   8 | 1363.4 |
        Temple |     46 |     33 |     13 |      0 |     20 |   1 |   46.0 |
               +--------+--------+--------+--------+--------+-----+--------+

Top non-repeatable levels by time:
     D:4: 2059 daAuts
     D:3: 1887 daAuts
     D:6: 1827 daAuts
     D:1: 1576 daAuts
     D:2: 1383 daAuts
     D:5: 1108 daAuts
     D:7: 984 daAuts
     D:8: 81 daAuts
  Temple: 46 daAuts
